 Dungeon Crawl Stone Soup version 0.17.0-15-g6d90897 (webtiles) character file.

5630 septik the Grappler (level 10, -4/104 HPs)
             Began as a Troll Monk on Nov 10, 2015.
             Was a Follower of Ru.
             Slain by a seven-headed hydra (9 damage)
             ... on level 1 of the Lair of Beasts.
             The game lasted 00:18:27 (7858 turns).

septik the Grappler (Troll Monk)                    Turns: 7858, Time: 00:18:27

Health: -4/104     AC:  8    Str: 21    XL:     10   Next: 46%
Magic:  9/9        EV: 10    Int:  6    God:    Ru [*.....]
Gold:   666        SH:  0    Dex: 15    Spells: 0 memorised, 9 levels left

rFire  . . .     SeeInvis +       - Unarmed
rCold  . . .     Clarity  .     M - +0 troll leather armour
rNeg   . . .     SustAt   .     (no shield)
rPois  .         Gourm    +     (helmet restricted)
rElec  .         Spirit   .     i - +0 cloak
rCorr  .         Warding  .     (gloves unavailable)
rMut   .         Stasis   .     (boots unavailable)
MR     .....                    (no amulet)
Stlth  ++........               (no ring)
                                E - ring of see invisible

@: not resistant to hostile enchantments, unstealthy
A: unfitting armour, claws 3, fast metabolism 3, gourmand, regeneration 2,
shaggy fur 1, tough skin 2, magic vulnerability 1
a: Renounce Religion


You were on level 1 of the Lair of Beasts.
You worshipped Ru.
Ru was aware of your devotion.
You were completely stuffed.

You visited 3 branches of the dungeon, and saw 11 of its levels.
You also visited: Ossuary.

You collected 666 gold pieces.

Inventory:

Hand Weapons
 B - the +5 trident "Biuruili" {freeze, *Noise rPois MP+9 Str+6}
   (You found it on level 6 of the Dungeon)

   It has been specially enchanted to freeze those struck by it, causing extra
   injury to most foes and up to half again as much damage against particularly
   susceptible opponents.
   It can also slow down cold-blooded creatures.
   It affects your strength (+6).
   It protects you from poison.
   It affects your magic capacity (+9).
   It may make noises in combat.
Missiles
 e - 189 stones (quivered)
 g - 8 javelins
Armour
 a - a +0 robe
 i - a +0 cloak (worn)
 M - a +0 troll leather armour (worn)
Jewellery
 E - a ring of see invisible (left claw)
 O - an uncursed amulet of the gourmand {unknown}
Wands
 y - a wand of frost (12)
 z - a wand of frost (22)
 C - a wand of random effects (15)
 L - a wand of frost (41)
 P - a wand of lightning (9)
 Q - a wand of lightning (10)
Scrolls
 f - 11 scrolls of identify
 j - 10 scrolls of remove curse
 k - 2 scrolls of teleportation
 o - a scroll of fog
 p - a scroll of enchant armour
 u - a scroll of blinking
 x - a scroll of enchant weapon
 F - a scroll of amnesia
 J - a scroll of fear
 K - a scroll of random uselessness {unknown}
Potions
 c - 2 potions of haste {unknown}
 d - 9 potions of curing {unknown}
 l - 4 potions of degeneration {unknown}
 m - 4 potions of cancellation {unknown}
 n - 4 potions of might {unknown}
 q - a potion of invisibility {unknown}
 r - 2 potions of resistance {unknown}
 s - 3 potions of heal wounds {unknown}
 v - 3 potions of lignification {unknown}
 A - a potion of berserk rage {unknown}
 D - 2 potions of cure mutation {unknown}
 H - a potion of agility {unknown}
 I - 2 potions of mutation {unknown}
Books
 w - a book of Summonings

   Spells                             Type                      Level
   a - Recall                         Summoning/Translocation      3
   b - Aura of Abjuration             Summoning                    5
   c - Shadow Creatures               Summoning                    5
   d - Summon Demon                   Summoning                    5
   e - Summon Forest                  Summoning/Translocation      5
   f - Summon Mana Viper              Hexes/Summoning              5
Comestibles
 b - 6 bread rations
 h - 2 meat rations
 t - a royal jelly
 G - 20 chunks of flesh
 N - 3 fruits


   Skills:
 + Level 7.8 Fighting
 - Level 2.4 Dodging
 - Level 1.1 Stealth
 * Level 13.2 Unarmed Combat


You had 9 spell levels left.
You didn't know any spells.

Dungeon Overview and Level Annotations

Branches:
Dungeon (9/15)             Temple (1/1) D:6            Lair (1/8) D:9
    Orc: D:9-12

Altars:
Ashenzari
Cheibriados
Dithmenos
Elyvilon
Fedhas
Gozag
Kikubaaqudgha
Makhleb
Nemelex Xobeh
Okawaru
Qazlal
Ru
Sif Muna
Trog
Vehumet
Xom
Yredelemnul
Zin
The Shining One


Innate Abilities, Weirdness & Mutations

You are too large for most types of armour.
You have claws for hands.
Your metabolism is lightning-fast.
You like to eat raw meat.
You heal very quickly.
You are covered in fur (AC +1).
You have very tough skin (AC +2).
You are slightly vulnerable to magic.


Message History

The six-headed hydra bites you! The six-headed hydra barely misses you.
You claw one of the six-headed hydra's heads off!
The five-headed hydra grows two more!
You mangle the seven-headed hydra!!
The seven-headed hydra is moderately wounded.
The seven-headed hydra completely misses you.
The seven-headed hydra bites you but does no damage.
The seven-headed hydra bites you. x2
The seven-headed hydra bites you! The seven-headed hydra bites you.
* * * LOW HITPOINT WARNING * * *
The seven-headed hydra bites you!
* * * LOW HITPOINT WARNING * * *
The seven-headed hydra bites you.
* * * LOW HITPOINT WARNING * * *
The seven-headed hydra bites you but does no damage.
The seven-headed hydra bites you.
* * * LOW HITPOINT WARNING * * *
The seven-headed hydra bites you!
* * * LOW HITPOINT WARNING * * *
The seven-headed hydra bites you!
You die...

###..###...####...##
..................#
........#..##.....#
#..##....#..#รท....#
##..#....###.##....#
.......#.#....#....#
.........##...##....#
..........#####.....#
..............@......#
.............D.......#
......................
.....................#
.....................#
..........###.(...#..#
.........## #######...
.........####### ..
................


You could see a seven-headed hydra.

Vanquished Creatures
  3 trolls (D:9)
  A wyvern (D:9)
  5 yaks
  A hungry ghost (D:9)
  4 wolves (Lair:1)
  A hippogriff (Lair:1)
  Menkaure (D:7)
  An ice beast (D:9)
  3 orc warriors
  A phantom (D:8)
  5 centaurs
  A sky beast (D:9)
  2 ogres
  2 big kobolds (D:7)
  10 giant frogs
  2 scorpions
  4 electric eels (D:9)
  A quasit (D:9)
  9 hounds
  A jelly (D:9)
  2 orc wizards
  A centaur zombie (D:9)
  4 giant frog skeletons
  A human zombie (Ossuary)
  4 orc priests
  An iguana (D:8)
  3 worker ants
  A big kobold zombie (Ossuary)
  A hound zombie (Ossuary)
  4 mummies (Ossuary)
  5 adders
  A shadow imp (D:8)
  An adder zombie (Ossuary)
  3 worms
  A giant gecko (D:6)
  14 orcs
  A gnoll zombie (Ossuary)
  7 hobgoblins
  10 jackals
  2 quokkas
  A ball python (D:3)
  4 bats
  A giant cockroach (D:6)
  7 giant newts
  6 goblins
  2 jackal skeletons
  2 jackal zombies (Ossuary)
  13 kobolds
  A kobold zombie (Ossuary)
  An orc zombie (Ossuary)
  A quokka zombie (D:8)
  8 rats
  3 rat zombies (Ossuary)
175 creatures vanquished.

Notes
Turn   | Place    | Note
--------------------------------------------------------------
     0 | D:1      | septik the Troll Monk began the quest for the Orb.
     0 | D:1      | Reached XP level 1. HP: 22/22 MP: 0/0
   256 | D:1      | Reached XP level 2. HP: 29/29 MP: 1/1
   967 | D:2      | Found a snail-covered altar of Cheibriados.
   969 | D:2      | Found a stormy altar of Qazlal.
  1098 | D:2      | Found a stormy altar of Qazlal.
  1187 | D:2      | Reached XP level 3. HP: 11/36 MP: 2/2
  1247 | D:2      | Reached skill level 5 in Unarmed Combat
  1581 | D:3      | Found a burning altar of Makhleb.
  1724 | D:3      | Reached XP level 4. HP: 43/45 MP: 3/3
  1725 | D:3      | Noticed an orc warrior
  1785 | D:3      | Killed an orc warrior
  1785 | D:3      | Reached skill level 6 in Unarmed Combat
  1785 | D:3      | Reached XP level 5. HP: 28/53 MP: 4/4
  1884 | D:3      | Found a glowing golden altar of the Shining One.
  2649 | D:4      | Reached XP level 6. HP: 39/62 MP: 5/5
  3043 | D:5      | Entered Level 5 of the Dungeon
  3222 | D:5      | Found a white marble altar of Elyvilon.
  3792 | D:6      | Reached skill level 7 in Unarmed Combat
  3853 | D:6      | Reached XP level 7. HP: 51/70 MP: 6/6
  4009 | D:6      | Got a transparent trident
  4011 | D:6      | Identified the +5 trident "Biuruili" {freeze, *Noise rPois MP+9 Str+6} (You found it on level 6 of the Dungeon)
  4076 | D:6      | Reached skill level 8 in Unarmed Combat
  4190 | D:6      | Found a radiant altar of Vehumet.
  4211 | D:6      | Found a staircase to the Ecumenical Temple.
  4220 | Temple   | Entered the Ecumenical Temple
  4270 | Temple   | Became a worshipper of Ru the Awakened
  4885 | D:7      | Reached skill level 5 in Fighting
  4885 | D:7      | Reached XP level 8. HP: 78/80 MP: 7/7
  4935 | D:7      | Reached skill level 9 in Unarmed Combat
  5100 | D:7      | Noticed Menkaure
  5102 | D:7      | Killed Menkaure
  5171 | D:7      | Found an iron altar of Okawaru.
  5377 | D:8      | Reached skill level 10 in Unarmed Combat
  5437 | D:8      | Found a sand-covered staircase.
  5475 | Ossuary  | Entered an ossuary
  5761 | D:8      | Reached XP level 9. HP: 52/89 MP: 8/8
  5927 | D:8      | Found a basalt altar of Yredelemnul.
  6079 | D:8      | Found a shadowy altar of Dithmenos.
  6373 | D:9      | Gained mutation: You are slightly vulnerable to magic. [Ru sacrifice]
  6373 | D:9      | Reached * piety under Ru
  6377 | D:9      | Reached skill level 11 in Unarmed Combat
  6760 | D:9      | Found a blossoming altar of Fedhas.
  6765 | D:9      | Found an ancient bone altar of Kikubaaqudgha.
  6831 | D:9      | Reached skill level 12 in Unarmed Combat
  6915 | D:9      | Reached XP level 10. HP: 78/102 MP: 9/9
  7145 | D:9      | Found a staircase to the Lair.
  7710 | Lair:1   | Entered Level 1 of the Lair of Beasts
  7748 | Lair:1   | Reached skill level 13 in Unarmed Combat
  7832 | Lair:1   | Noticed a five-headed hydra
  7858 | Lair:1   | HP: 5/104 [seven-headed hydra (14)]
  7858 | Lair:1   | Slain by a seven-headed hydra

Action                   |  1- 3 |  4- 6 |  7- 9 | 10-12 || total
-------------------------+-------+-------+-------+-------++-------
Melee: Unarmed           |   101 |   100 |   251 |    63 ||   515
Throw: Stone             |     1 |     1 |     3 |       ||     5
Invok: Reject Sacrifices |       |       |     1 |       ||     1
       Sacrifice Essence |       |       |     1 |       ||     1
  Use: Scroll            |       |       |    10 |       ||    10
 Stab: Sleeping          |     1 |     6 |     5 |     1 ||    13
       Distracted        |       |       |     1 |       ||     1
  Eat: Chunk             |    19 |    21 |    37 |     9 ||    86
